 Dungeon Crawl Stone Soup version 0.20.1-1-g8b1a95d (webtiles) character file.

3848 spacecamp the Destroyer (level 9, -14/62 HPs)
             Began as a Green Draconian Ice Elementalist on July 8, 2017.
             Was a Priest of Vehumet.
             Shot with a bolt by an orc warrior (22 damage)
             ... in a bailey.
             The game lasted 00:40:29 (10220 turns).

spacecamp the Destroyer (DrIE)                     Turns: 10220, Time: 00:40:31

Health: -14/62     AC: 13    Str: 15    XL:     9   Next: 98%
Magic:  7/18       EV: 13    Int: 19    God:    Vehumet [***...]
Gold:   347        SH:  2    Dex: 11    Spells: 2/21 levels left

rFire    . . .     SeeInvis .   j - +2 dagger (venom)
rCold    . . .     Gourm    .   (no shield)
rNeg     . . .     Faith    .   (armour unavailable)
rPois    +         Spirit   .   (helmet restricted)
rElec    .         Reflect  +   (no cloak)
rCorr    .         Harm     .   (no gloves)
MR       .....                  (no boots)
Stlth    ++........             u - +2 amulet of reflection
Regen    0.2/turn               w - +4 ring of strength
MPRegen  0.2/turn               (no ring)

@: icy armour, very slightly contaminated, slow
A: breathe noxious fumes, unfitting armour, poison resistance, cold-blooded, AC
+7
a: Breathe Noxious Fumes, Renounce Religion


You were in a bailey.
You worshipped Vehumet.
Vehumet was most pleased with you.
You were not hungry.

You visited 2 branches of the dungeon, and saw 9 of its levels.
You also visited: Ossuary and Bailey.

You collected 347 gold pieces.

Inventory:

Hand Weapons
 j - a +2 dagger of venom (weapon)
Missiles
 c - 282 stones (quivered)
Jewellery
 u - a +2 amulet of reflection (around neck)
 v - an uncursed amulet of inaccuracy
 w - a +4 ring of strength (left hand)
Wands
 n - a wand of polymorph (6/24)
 r - a wand of polymorph (9/24)
 A - a wand of lightning (3/15)
Scrolls
 e - 3 scrolls of recharging
 g - 2 scrolls of enchant armour
 p - a scroll of fog {unknown}
 x - a scroll of enchant weapon
 y - a scroll of remove curse
Potions
 h - 2 potions of flight
 i - a potion of degeneration
 q - a potion of curing
 s - 2 potions of brilliance
 t - a potion of cancellation
Books
 a - a book of Frost

   Spells                             Type                      Level
   a - Freeze                         Ice                          1
   b - Throw Frost                    Conjuration/Ice              2
   c - Ozocubu's Armour               Charms/Ice                   3
   d - Throw Icicle                   Conjuration/Ice              4
   e - Summon Ice Beast               Ice/Summoning                4
 o - a book of Minor Magic

   Spells                             Type                      Level
   a - Magic Dart                     Conjuration                  1
   b - Blink                          Translocation                2
   c - Call Imp                       Summoning                    2
   d - Slow                           Hexes                        2
   e - Conjure Flame                  Conjuration/Fire             3
   f - Mephitic Cloud                 Conjuration/Poison/Air       3
Comestibles
 b - 5 bread rations
 d - a royal jelly
 f - 5 meat rations
 l - a fruit


   Skills:
 + Level 4.3 Short Blades
 + Level 3.2 Dodging
 - Level 1.7 Stealth
 - Level 6.6 Spellcasting
 - Level 9.0 Conjurations
 - Level 7.5 Ice Magic


You had 2 spell levels left.
You knew the following spells:

 Your Spells              Type           Power        Failure   Level  Hunger
a - Freeze                Ice            ####         1%          1    None
b - Throw Frost           Conj/Ice       #####.       1%          2    None
c - Ozocubu's Armour      Chrm/Ice       ###.....     7%          3    ##.....
d - Summon Ice Beast      Ice/Summ       ###.....     22%         4    ####...
e - Throw Icicle          Conj/Ice       #####...     1%          4    ####...
f - Searing Ray           Conj           #####.       1%          2    None
g - Conjure Flame         Conj/Fire      ###.....     1%          3    ##.....


Dungeon Overview and Level Annotations

Branches:
Dungeon (8/15)             Temple (1/1) D:5            Lair (0/6) D:8

Altars:
Ashenzari
Cheibriados
Dithmenos
Elyvilon
Fedhas
Gozag
Makhleb
Nemelex Xobeh
Okawaru
Qazlal
Ru
Sif Muna
Trog
Uskayaw
Vehumet
Xom
Yredelemnul
Zin
The Shining One

Annotations:
D:6 1 exclusion


Innate Abilities, Weirdness & Mutations

You can breathe blasts of noxious fumes.
Your lurid green scales are hard. (AC +7)
You cannot fit into any form of body armour.
Your system is resistant to poisons. (rPois)
You are cold-blooded and may be slowed by cold attacks.


Message History

Confirm with . or Enter, or press ? or * to list all spells.
Aiming: Searing Ray
Press: ? - help, Shift-Dir - straight line, f - orc
Aim: an orc, wielding an arbalest and wearing a scale mail The searing ray hits the orc.
The orc is heavily wounded. (Press . to maintain the ray.)
The orc shoots a bolt.
The bolt hits you but does no damage.
The searing ray hits the orc.
The orc is severely wounded.
The orc warrior shoots a bolt.
The bolt hits you!!
* * * LOW HITPOINT WARNING * * *
The orc shoots a bolt.
The bolt hits you but does no damage.
The searing ray hits the orc.
You kill the orc!
Vehumet accepts your kill.
You feel your power returning.
You hear a splash. x3
The orc warrior shoots a bolt.
The bolt hits you!!
You die...

#..(.o.≈≈≈≈≈≈≈#
#......≈≈≈≈≈≈≈#
#......≈≈≈≈≈≈≈#
#......≈≈≈≈≈≈≈≈
#..(...≈≈)≈≈≈≈≈
#......≈≈≈≈≈≈≈≈
#......≈≈≈≈≈≈≈≈≈≈####
#.....(≈≈#.#≈≈≈≈≈≈≈≈###
#.....@≈##.##≈≈≈≈≈≈≈≈≈≈
#...(.(≈..^..≈≈≈≈≈≈≈≈≈≈
#......≈##(##≈≈≈≈≈≈≈≈≈≈
#....(.≈≈#)#≈≈≈≈≈≈≈≈≈≈≈
#......≈≈≈≈≈≈≈≈≈≈≈≈≈≈≈≈
#......................
#o.....................
#........(.............
#..(...................


You could see an orc warrior.

Vanquished Creatures
  A wyvern (D:4)
  6 yaks (D:7)
  Eustachio (D:5)
  4 orc warriors
  2 ice beasts
  A phantom (D:7)
  2 sky beasts (D:5)
  An ogre (D:8)
  2 elf zombies (Ossuary)
  Blork the orc (D:4)
  A gnoll sergeant (D:5)
  5 bullfrogs
  2 scorpions
  A crimson imp (D:6)
  3 centaur zombies (Ossuary)
  4 hounds
  A bullfrog zombie (D:5)
  2 jellies
  5 orc wizards
  A human zombie (Ossuary)
  2 orc priests
  2 centaur skeletons
  Jessica (D:2)
  An iguana (D:6)
  A hell rat (D:8)
  A worker ant (D:3)
  A big kobold zombie (Ossuary)
  A hound zombie (D:7)
  2 hound skeletons
  3 mummies
  A howler monkey skeleton (D:6)
  4 gnolls (D:6)
  6 adders
  3 shadow imps (D:7)
  An ooze (D:3)
  An adder zombie (D:7)
  An adder skeleton (D:4)
  A worm (D:3)
  2 dart slugs (D:2)
  7 leopard geckos
  32 orcs
  6 bats
  6 giant cockroaches
  11 goblins
  6 hobgoblins
  8 jackals
  8 quokkas
  2 ball pythons
  6 frilled lizards
  2 goblin zombies (Ossuary)
  6 hobgoblin zombies
  A jackal skeleton (D:6)
  14 kobolds
  11 kobold zombies (Ossuary)
  A leopard gecko skeleton (D:5)
  11 orc zombies
  7 rats
  2 rat zombies (Ossuary)
228 creatures vanquished.

Vanquished Creatures (others)
  An orc (D:8)
  A goblin (D:8)
2 creatures vanquished.

Grand Total: 230 creatures vanquished

Notes
Turn   | Place    | Note
-------+----------+-------------------------------------------
     0 | D:1      | spacecamp the Draconian Ice Elementalist began the quest for the Orb.
     0 | D:1      | Reached XP level 1. HP: 14/14 MP: 3/3
   381 | D:1      | Reached XP level 2. HP: 20/20 MP: 3/5
   536 | D:1      | Learned a level 2 spell: Throw Frost
  1123 | D:1      | Reached XP level 3. HP: 18/26 MP: 1/6
  1279 | D:2      | Noticed Jessica
  1287 | D:2      | Killed Jessica
  1490 | D:2      | Learned a level 3 spell: Ozocubu's Armour
  1623 | D:2      | Reached XP level 4. HP: 33/33 MP: 1/7
  1719 | D:2      | Reached skill level 5 in Ice Magic
  2184 | D:3      | Reached XP level 5. HP: 31/38 MP: 1/8
  3125 | D:4      | Found a white marble altar of Elyvilon.
  3589 | D:4      | Noticed an ice beast
  3607 | D:4      | Found a shattered altar of Ashenzari.
  3618 | D:4      | Reached XP level 6. HP: 45/45 MP: 7/9
  3645 | D:4      | Noticed a wyvern
  3645 | D:4      | an ice beast changed into a wyvern
  3651 | D:4      | Killed a wyvern
  4341 | D:5      | Entered Level 5 of the Dungeon
  4360 | D:5      | Noticed an orc warrior
  4360 | D:5      | Noticed Eustachio
  4361 | D:5      | Noticed Blork the orc
  4362 | D:5      | Noticed an orc warrior
  4390 | D:4      | Killed Blork the orc
  4390 | D:4      | Your scales start taking on a lurid green colour.
  4390 | D:4      | Reached XP level 7. HP: 20/50 MP: 3/11
  4390 | D:4      | Gained mutation: Your system is resistant to poisons. (rPois) [Green Draconian growth]
  5075 | D:5      | Reached skill level 5 in Spellcasting
  5083 | D:5      | Found an opulent altar of Gozag.
  5137 | D:5      | Found a staircase to the Ecumenical Temple.
  5146 | Temple   | Entered the Ecumenical Temple
  5227 | Temple   | Became a worshipper of Vehumet
  5369 | D:5      | Reached XP level 8. HP: 21/57 MP: 2/17
  5418 | D:5      | Killed Eustachio
  5731 | D:5      | Learned a level 4 spell: Summon Ice Beast
  5741 | D:5      | Reached skill level 1 in Short Blades
  6744 | D:6      | Learned a level 4 spell: Throw Icicle
  7259 | D:7      | Reached skill level 2 in Conjurations
  7489 | D:7      | Reached skill level 3 in Conjurations
  7511 | D:7      | Reached * piety under Vehumet
  7511 | D:7      | Offered knowledge of Flame Tongue by Vehumet.
  7543 | D:7      | Reached skill level 4 in Conjurations
  7649 | D:7      | Reached skill level 5 in Conjurations
  7665 | D:7      | Reached XP level 9. HP: 22/62 MP: 1/18
  7707 | D:7      | Found a glowing silver altar of Zin.
  7836 | D:7      | Found a sand-covered staircase.
  7866 | D:7      | Reached skill level 6 in Conjurations
  7883 | Ossuary  | Entered an ossuary
  8174 | Ossuary  | Reached ** piety under Vehumet
  8217 | Ossuary  | Offered knowledge of Searing Ray by Vehumet.
  8241 | Ossuary  | Reached skill level 7 in Conjurations
  8427 | Ossuary  | Learned a level 2 spell: Searing Ray
  8761 | D:7      | Offered knowledge of Conjure Flame by Vehumet.
  8952 | D:7      | Reached skill level 8 in Conjurations
  8990 | D:7      | Reached skill level 9 in Conjurations
  9202 | D:7      | Found a basalt altar of Yredelemnul.
  9260 | D:7      | Learned a level 3 spell: Conjure Flame
  9265 | D:8      | Found a staircase to the Lair.
  9265 | D:8      | Noticed a death yak
  9271 | D:8      | Noticed a death yak
  9276 | D:8      | Noticed a death yak
  9279 | D:8      | Noticed a two-headed ogre
  9417 | D:8      | Reached *** piety under Vehumet
  9463 | D:8      | Found a flagged portal.
  9465 | D:8      | HP: 3/62 [something/puff of flame (7)]
  9470 | Bailey   | Entered a bailey
 10220 | Bailey   | Shot with a bolt by an orc warrior

Skill      XL: |  1  2  3  4  5  6  7  8  9 |
---------------+----------------------------+-----
Ice Magic      | 4 5 6 7 |  7.5
Spellcasting   | 3 6 |  6.6
Short Blades   | 3 4 |  4.3
Conjurations   | 5 9 |  9.0
Dodging        | 3 |  3.2
Stealth        | |  1.7

Action                   |  1- 3 |  4- 6 |  7- 9 || total
-------------------------+-------+-------+-------++-------
Melee: Unarmed           |     9 |    63 |       ||    72
       Tailslap          |       |     7 |    42 ||    49
       Dagger            |       |       |   347 ||   347
Throw: Stone             |    30 |     4 |     9 ||    43
 Cast: Freeze            |    56 |    98 |   218 ||   372
       Throw Frost       |     3 |       |       ||     3
       Ozocubu's Armour  |     2 |     3 |    30 ||    35
       Searing Ray       |       |       |    21 ||    21
 Abil: Breathe Noxious F |       |       |     2 ||     2
Evoke: Wand              |       |     5 |     1 ||     6
  Use: Potion            |     2 |       |    11 ||    13
       Scroll            |       |     9 |    12 ||    21
  Eat: Chunk             |     3 |     7 |     7 ||    17
       Bread ration      |       |     1 |     3 ||     4
Armor: Skin              |    32 |    54 |   205 ||   291
Dodge: Dodged            |    80 |   104 |   301 ||   485
Block: Other             |       |     5 |    43 ||    48
       Reflection        |       |       |     6 ||     6
